 Dungeon Crawl Stone Soup version 0.20.1-1-g8b1a95d (webtiles) character file.

370 Ladykiller69 the Chopper (level 6, 0/56 HPs)
             Began as a Minotaur Fighter on July 16, 2017.
             Slain by a gnoll
             ... wielding a +0 halberd
              (9 damage)
             ... on level 4 of the Dungeon.
             The game lasted 00:03:33 (2782 turns).

Ladykiller69 the Chopper (Minotaur Fighter)         Turns: 2782, Time: 00:03:34

Health: 0/56       AC:  7    Str: 22    XL:     6   Next: 42%
Magic:  5/5        EV:  7    Int:  5    God:
Gold:   229        SH: 10    Dex: 10    Spells: 5/5 levels left

rFire    . . .     SeeInvis .   a - +0 war axe
rCold    . . .     Gourm    .   c - +0 shield
rNeg     . . .     Faith    .   b - +0 scale mail
rPois    .         Spirit   .   (helmet restricted)
rElec    .         Reflect  .   (no cloak)
rCorr    .         Harm     .   (no gloves)
MR       .....                  (no boots)
Stlth    ..........             (no amulet)
Regen    0.2/turn               (no ring)
MPRegen  0.1/turn               (no ring)

@: no status effects
A: retaliatory headbutt, horns 2
a: no special abilities


You were on level 4 of the Dungeon.
You were not hungry.

You visited 1 branch of the dungeon, and saw 4 of its levels.

You collected 229 gold pieces.

Inventory:

Hand Weapons
 a - a +0 war axe (weapon)
Armour
 b - a +0 scale mail (worn)
 c - a +0 shield (worn)
 k - a +0 pair of boots
Jewellery
 w - an uncursed ring of ice {unknown}
Scrolls
 h - 2 scrolls of fog {unknown}
 n - 4 scrolls of identify {unknown}
 o - a scroll of immolation {unknown}
 p - a scroll of enchant weapon {unknown}
 r - a scroll of amnesia {unknown}
 s - 3 scrolls of blinking {unknown}
 t - a scroll of random uselessness {unknown}
 y - a scroll of remove curse {unknown}
Potions
 d - a potion of might
 e - a potion of brilliance {unknown}
 g - 2 potions of ambrosia {unknown}
 i - a potion of flight {unknown}
 j - 2 potions of curing {unknown}
 l - a potion of haste {unknown}
 u - 3 potions of lignification {unknown}
 x - a potion of agility {unknown}
Comestibles
 f - a bread ration
 m - 3 fruits
 q - 2 meat rations
 v - a royal jelly


   Skills:
 + Level 5.0 Fighting
 * Level 5.4 Axes
 + Level 5.0 Armour
 + Level 5.2 Shields


You had 5 spell levels left.
You didn't know any spells.

Dungeon Overview and Level Annotations

Branches:
Dungeon (4/15)
 Temple: D:4-7

Altars:

Annotations:
D:3 bli's ghost, amateur DrWn
D:4 Setanta's ghost, amateur GrFi


Innate Abilities, Weirdness & Mutations

You reflexively headbutt those who attack you in melee.
You have a pair of horns on your head.


Message History

You barely miss the gnoll.
You hit the leopard gecko skeleton but do no damage.
You hit the gnoll but do no damage. The gnoll hits you with a club.
The gnoll hits you with a halberd!
* * * LOW HITPOINT WARNING * * *
The leopard gecko skeleton bites you but does no damage.
The gnoll closely misses you. You block the frilled lizard's attack.
The gnoll hits you with a club.
* * * LOW HITPOINT WARNING * * *
You barely miss the gnoll.
The gnoll is severely wounded.
You hit the frilled lizard. You slash the gnoll!
You kill the gnoll!
Your Armour skill increases to level 5!
You slash the leopard gecko skeleton!
You destroy the leopard gecko skeleton!
You closely miss the gnoll. You block the gnoll's attack. x2
The frilled lizard barely misses you.
The gnoll hits you from afar with a halberd!
You die...

..#. ## ## ##... .##.. .
....#.... #.#
..##.......# #.#
.........#.### #.#
.....OW.......## #.#
#(..l)..###...##.#
#.##g.#...###..#.######
#....g@....###.........
....####.................
.......................(.
# #########.###..........
#...#.#####.... ###.#.#
#.... #...# #..รท. #####
#.<.. #####


You could see an ogre, Setanta's ghost, 2 gnolls and a frilled lizard.

Vanquished Creatures
  Sigmund (D:2)
  A hound (D:4)
  2 orc wizards (D:3)
  2 gnolls (D:4)
  3 adders
  An ooze (D:1)
  2 worms
  A dart slug (D:2)
  2 leopard geckos
  4 orcs (D:3)
  A ball python (D:1)
  10 bats
  3 giant cockroaches
  10 goblins
  8 hobgoblins
  4 jackals (D:3)
  6 kobolds
  A quokka (D:3)
  4 frilled lizards
  A leopard gecko skeleton (D:4)
  A quokka skeleton (D:4)
  11 rats
79 creatures vanquished.

Notes
Turn   | Place    | Note
-------+----------+-------------------------------------------
     0 | D:1      | Ladykiller69 the Minotaur Fighter began the quest for the Orb.
     0 | D:1      | Reached XP level 1. HP: 19/19 MP: 0/0
   135 | D:1      | Reached XP level 2. HP: 27/27 MP: 1/1
   758 | D:2      | Reached XP level 3. HP: 32/33 MP: 2/2
  1022 | D:2      | Noticed Sigmund
  1032 | D:2      | Killed Sigmund
  1032 | D:2      | Reached XP level 4. HP: 10/41 MP: 3/3
  1032 | D:2      | Reached XP level 5. HP: 11/47 MP: 4/4
  1650 | D:3      | Noticed bli's ghost (amateur DrWn)
  1973 | D:3      | Reached skill level 5 in Shields
  1993 | D:3      | Reached skill level 5 in Axes
  1993 | D:3      | Reached XP level 6. HP: 33/55 MP: 5/5
  2439 | D:4      | Noticed Setanta's ghost (amateur GrFi)
  2446 | D:4      | Reached skill level 5 in Fighting
  2450 | D:4      | HP: 1/56 [Setanta's ghost (4)]
  2781 | D:4      | Reached skill level 5 in Armour
  2782 | D:4      | Slain by a gnoll

Skill      XL: |  1  2  3  4  5  6 |
---------------+-------------------+-----
Axes           | 3 4 5 |  5.4
Armour         | 4 5 |  5.0
Shields        | 4 5 |  5.2
Fighting       | 4 5 |  5.0

Action                   |  1- 3 |  4- 6 || total
-------------------------+-------+-------++-------
Melee: War axe           |   100 |   103 ||   203
       Headbutt          |     6 |    21 ||    27
  Eat: Chunk             |     1 |     5 ||     6
Armor: Scale mail        |    42 |    37 ||    79
Dodge: Dodged            |    24 |    37 ||    61
Block: Shield            |    41 |    71 ||   112
